 Dungeon Crawl Stone Soup version 0.29-a0-233-g1125b37a9b (webtiles) character file.

Game seed: 16042908852042834031

107 sammy202020 the Skirmisher (level 4, -18/37 HPs)
             Began as a Demonspawn Berserker on Mar 1, 2022.
             Was a Believer of Trog.
             Demolished by Crazy Yiuf
             ... wielding a +2 quarterstaff of chaos
              (21 damage)
             ... on level 2 of the Dungeon.
             The game lasted 00:04:48 (2984 turns).

sammy202020 the Skirmisher (Demonspawn Berserker)   Turns: 2984, Time: 00:04:48

Health: -18/37     AC:  9    Str: 20    XL:     4   Next: 56%
Magic:  4/4        EV:  9    Int:  8    God:    Trog [**....]
Gold:   87         SH:  4    Dex: 24    Spells: 3/3 levels left

rFire   . . .      SeeInvis .   a - +0 mace
rCold   . . .      Faith    .   (no shield)
rNeg    . . .      Spirit   .   d - +1 chain mail
rPois   .          Reflect  .   (no helmet)
rElec   .          Harm     .   (no cloak)
rCorr   .          Rampage  .   (no gloves)
Will    ++...                   (no boots)
Stlth   ..........              f - amulet of the acrobat
HPRegen 1.12/turn               e - +6 ring of dexterity
MPRegen 0.09/turn               n - +6 ring of dexterity

@: strong-willed, on berserk cooldown, regenerating, slowed, invisible, very
slow
A: large bone plates 1
a: Renounce Religion, Berserk, Trog's Hand


You were on level 2 of the Dungeon.
You worshipped Trog.
Trog was pleased with you.
You visited 1 branch of the dungeon, and saw 2 of its levels.

You collected 87 gold pieces.

Inventory:

Hand Weapons
 a - a +0 mace (weapon)
Missiles
 k - 75 stones
 l - 2 poisoned darts (quivered)
Armour
 b - a +0 animal skin
 d - a +1 chain mail (worn)
Jewellery
 e - a +6 ring of dexterity (left hand)
 f - an amulet of the acrobat (around neck)
 h - a ring of fire
 n - a +6 ring of dexterity (right hand)
Scrolls
 c - a scroll of fog {unknown}
 o - a scroll of fear {unknown}
 p - a scroll of magic mapping
Potions
 g - a potion of might
 i - a potion of curing
 j - a potion of ambrosia
 m - 2 potions of haste
 q - a potion of heal wounds


   Skills:
 + Level 3.7 Fighting
 + Level 3.3 Maces & Flails
 + Level 2.6 Armour
 + Level 2.6 Dodging


You had 3 spell levels left.
You didn't know any spells.
Your spell library was empty.

Dungeon Overview and Level Annotations

Branches:
Dungeon (2/15)

Altars:

Annotations:
D:2 Crazy Yiuf


Innate Abilities, Weirdness & Mutations

You are partially covered in large bone plates. (SH +4)


Message History

You are slowing down.
You barely miss Crazy Yiuf.
Crazy Yiuf hits you with a +2 quarterstaff of chaos!
Space warps around you.
Your limbs are stiffening.
You sock Crazy Yiuf!
Crazy Yiuf is heavily wounded.
Crazy Yiuf hits you with a +2 quarterstaff of chaos!
You have turned to stone.
Crazy Yiuf barely misses you. x2
Crazy Yiuf yells, "Scoff foot ena!"
Crazy Yiuf hits you with a +2 quarterstaff of chaos!
Crazy Yiuf freezes you.
Crazy Yiuf hits you with a +2 quarterstaff of chaos!!
* * * LOW HITPOINT WARNING * * *
Crazy Yiuf freezes you!
* * * LOW HITPOINT WARNING * * *
Crazy Yiuf hits you with a +2 quarterstaff of chaos!
* * * LOW HITPOINT WARNING * * *
Crazy Yiuf burns you.
* * * LOW HITPOINT WARNING * * *
Crazy Yiuf hits you with a +2 quarterstaff of chaos!
* * * LOW HITPOINT WARNING * * *
Crazy Yiuf cries, "Orb!
Cards turtle tortoise."
Crazy Yiuf hits you with a +2 quarterstaff of chaos.
* * * LOW HITPOINT WARNING * * *
You fade into invisibility!
You turn to flesh and can move again.
Unknown command.
Okay, then.
Crazy Yiuf says, "Rifle snockshim Orb Guardian!"
You feel a strong urge to attack something.
You are no longer berserk.
You are exhausted.
You feel yourself slow down.
Unknown command.
Your skin crawls.
You feel strong-willed. Crazy Yiuf barely misses you.
Crazy Yiuf hits you with a +2 quarterstaff of chaos!!
Ouch! That really hurt!
You die...

.# #..)# #. .#
#...# #. .# *...*
#. .# *#'#* #. .#
##.# #. .# #.## #.
.# ##.# #. .# #g##
#. .# ##@## #. .#
#.P.## #. .# #P..P#
#. .# #'..'#
##########. .#
#....####..........
##
##........#########
##...##### #####


You could see Crazy Yiuf (strong).

Vanquished Creatures
  3 gnolls (D:2)
  2 adders (D:2)
  A worm (D:2)
  A dart slug (D:1)
  4 bats (D:1)
  2 endoplasms (D:2)
  3 giant cockroaches
  5 goblins
  8 hobgoblins
  3 jackals (D:1)
  3 kobolds
  A quokka (D:1)
  6 ball pythons
  7 frilled lizards
  8 rats
57 creatures vanquished.

Vanquished Creatures (others)
  A fungus (D:2)
1 creature vanquished.

Grand Total: 58 creatures vanquished

Notes
Turn   | Place    | Note
-------+----------+-------------------------------------------
     0 | D:1      | sammy202020 the Demonspawn Berserker began the quest for
                  | the Orb.
     0 | D:1      | Reached XP level 1. HP: 18/18 MP: 1/1
   421 | D:1      | Gained mutation: You are partially covered in large bone
                  | plates. (SH +4) [demonic ancestry]
   421 | D:1      | Reached XP level 2. HP: 17/24 MP: 2/2
  1349 | D:1      | Reached XP level 3. HP: 23/29 MP: 3/3
  1490 | D:1      | Reached ** piety under Trog
  1505 | D:1      | Found a faded altar of an unknown god.
  2434 | D:2      | Reached XP level 4. HP: 29/35 MP: 4/4
  2491 | D:2      | Found a runed translucent door.
  2492 | D:2      | Noticed Crazy Yiuf
  2978 | D:2      | HP: 2/55 [Crazy Yiuf/+2 quarterstaff of chaos (5)]
  2984 | D:2      | Demolished by Crazy Yiuf

Illustrated notes

Levels and vault maps discovered:
D:1:      scummos_arrival_gate, layout_rooms, chequers_ecumenical_altar_twisty,
          minmay_misc_feat_tower
D:2:      layout_basic, uniq_crazy_yiuf_cottage

Skill      XL: |  1  2 |
---------------+-------+-----
Dodging        | 2 |  2.6
Armour         | 2 |  2.6
Maces & Flails | 3 |  3.3
Fighting       | |  3.7

Action                   |  1- 3 |  4- 6 || total
-------------------------+-------+-------++-------
Melee: Mace              |   163 |    31 ||   194
       Punch             |     1 |     2 ||     3
Throw: Dart              |     9 |       ||     9
       Stone             |     2 |       ||     2
Invok: Berserk           |     1 |     2 ||     3
       Trog's Hand       |       |     1 ||     1
  Use: Scroll            |     8 |       ||     8
Armor: Animal skin       |    34 |       ||    34
       Chain mail        |    37 |    17 ||    54
Dodge: Dodged            |   140 |    20 ||   160
Block: Other             |    35 |     6 ||    41

Table legend: (Time is in decaauts)
 A = Elapsed time spent in this place.
 B = Non-inter-level travel time spent in this place.
 C = Inter-level travel time spent in this place.
 D = Time resting spent in this place.
 E = Time spent auto-exploring this place.
 F = Levels seen in this place.
 G = Mean time per level.
                   A        B        C        D        E       F      G
               +--------+--------+--------+--------+--------+-----+--------+
         Total |   3046 |   3036 |     10 |     47 |   2383 |   2 | 1523.0 |
       Dungeon |   3046 |   3036 |     10 |     47 |   2383 |   2 | 1523.0 |
               +--------+--------+--------+--------+--------+-----+--------+

Top non-repeatable levels by time:
     D:1: 1645 daAuts
     D:2: 1401 daAuts
